Map: Reclamation LE

Players

Dutch

  • Race: Terran Terran
  • Spawn Location: 5:00

Hudson

  • Race: Protoss Protoss
  • League: Platinum
  • Spawn Location: 6:00

ShipRiteMike - Winner!

  • Race: Zerg Zerg
  • League: Platinum
  • Spawn Location: 12:00

StickLane - Winner!

  • Race: Protoss Protoss
  • League: Diamond
  • Spawn Location: 11:00

VOD

Have the link to the VOD?

Description

Time

  • Played on: May 1, 2023, 7:42 p.m.
  • Length: 7:20
Show
View Real Time Build Order
Export as new Build Order

Dutch Terran 

Build Orders:  

Get SALT Encoding   

  12  0:02  SCV  
  13  0:14  SCV  
  14  0:19  Supply Depot  
  14  0:26  SCV  
  15  0:37  Refinery  
  15  0:41  SCV  
  16  0:44  Barracks  
  16  1:03  SCV  
  17  1:09  Barracks  
  17  1:15  SCV  
  18  1:30  SCV  
  18  1:32  Marine  
  20  1:46  Barracks, SCV  
  21  1:51  Engineering Bay, Marine  
  22  1:56  Barracks Tech Lab  
  22  2:06  SCV  
  23  2:21  Orbital Command  
  23  2:22  Combat Shield  
  23  2:28  Terran Infantry Weapons Level 1  
  23  2:34  Supply Depot  
  23  2:55  Marine x3  
  23  2:57  Barracks  
  26  3:05  Supply Depot  
  26  3:13  Marine x2  
  26  3:17  Marine  
  29  3:26  Supply Depot  
  29  3:33  Marine  
  30  3:34  Marine  
  30  3:41  Stimpack  
  31  3:45  SCV  
  31  3:46  Marine  
  33  3:53  Marine x2  
  33  4:11  Marine x2  
  31  4:23  Marine  
  31  4:24  Marine  
  31  4:29  Marine x2  
  33  4:41  Marine  
  33  4:42  Marine  
  35  4:47  Marine x2  
  37  4:59  Marine x2  
  38  5:05  Marine x2  
  41  5:17  Marine x2  
  43  5:22  Marine  
  43  5:23  Marine  
  45  5:35  Marine x2  
  44  5:40  Marine x2  
  40  5:52  Marine  
  40  5:53  Marine  
  42  5:58  Marine x2  
  41  6:10  Marine  
  41  6:11  Marine  
  35  6:16  Marine x2  
  32  6:28  Marine  
  32  6:29  Marine  
  34  6:34  Marine x2  
  36  6:46  Marine x2  
  38  6:51  Marine  
  38  6:52  Marine  
Show
View Real Time Build Order
Export as new Build Order

Hudson Protoss 

Build Orders:  

Get SALT Encoding   

  12  0:00  Probe  
  13  0:13  Pylon  
  13  0:20  Probe  
  14  0:34  Gateway  
  14  0:37  Assimilator  
  14  0:40  Probe  
  15  0:53  Probe  
  16  1:05  Probe  
  17  1:17  Probe  
  18  1:22  Cybernetics Core  
  18  1:23  Gateway  
  18  1:29  Probe, Zealot  
  21  1:41  Probe  
  22  1:49  Pylon  
  22  1:57  Warp Gate  
  22  2:06  Twilight Council  
  22  2:07  Zealot  
  24  2:13  Pylon  
  24  2:14  Zealot  
  26  2:32  Gateway  
  26  2:36  Zealot  
  28  2:41  Charge (Chrono Boost)  
  28  2:42  Gateway  
  28  2:57  Pylon  
  28  3:09  Zealot  
  30  3:13  Zealot  
  30  3:19  Zealot  
  34  3:27  Pylon  
  34  3:30  Zealot  
  36  3:36  Zealot  
  38  3:46  Sentry  
  40  4:16  Zealot x3  
  38  4:44  Zealot x3  
  38  4:45  Zealot  
  46  5:06  Zealot x3  
  46  5:07  Zealot  
  42  5:42  Zealot  
  42  5:43  Zealot x3  
  20  6:09  Zealot x3  
  20  6:10  Zealot  
  27  6:14  Probe  
  28  6:26  Probe  
  28  6:30  Zealot  
  28  6:31  Zealot  
  28  6:32  Zealot x2  
  37  6:39  Probe  
  33  6:51  Probe  
  30  6:55  Zealot x4  
  38  7:03  Probe  
Show
View Real Time Build Order
Export as new Build Order

ShipRiteMike Zerg - Winner!

Build Orders: Hatch First 

Get SALT Encoding   

  12  0:01  Drone  
  13  0:12  Overlord  
  13  0:17  Drone  
  14  0:30  Drone x2  
  16  0:50  Hatchery  
  16  0:53  Drone  
  16  0:58  Drone  
  16  1:03  Extractor  
  16  1:08  Drone  
  17  1:19  Spawning Pool  
  17  1:22  Drone  
  17  1:28  Drone  
  17  1:29  Drone  
  19  1:37  Evolution Chamber  
  18  1:41  Drone  
  19  1:49  Drone  
  20  2:00  Drone  
  21  2:04  Drone  
  21  2:08  Zerg Melee Weapons Level 1  
  22  2:18  Drone x2  
  22  2:21  Queen  
  22  2:22  Queen  
  28  2:31  Overlord  
  28  2:41  Metabolic Boost  
  28  2:50  Drone x5  
  33  2:54  Drone  
  33  2:56  Evolution Chamber  
  33  3:02  Zergling x2  
  34  3:12  Drone  
  35  3:14  Drone  
  36  3:24  Overlord  
  36  3:28  Hatchery  
  36  3:31  Zergling x2  
  36  3:37  Zerg Ground Armor Level 1  
  36  3:43  Zergling x2  
  36  3:44  Zergling x12  
  43  3:52  Zergling x2, Spine Crawler  
  43  3:55  Zergling x2  
  43  4:13  Zergling x6  
  43  4:14  Zergling x2  
  39  4:22  Zergling x2  
  38  4:27  Zergling x8  
  40  4:36  Zergling x2  
  41  4:41  Zergling x2  
  41  4:44  Hatchery  
  40  4:45  Zergling x2  
  40  4:52  Zergling x2  
  42  4:55  Hatchery  
  42  4:56  Zergling x2  
  42  4:58  Zergling x2  
  43  5:01  Overlord  
  43  5:02  Overlord x2  
  43  5:12  Overlord  
  43  5:16  Overlord  
  43  5:19  Queen  
  45  5:21  Zergling x2  
  45  5:24  Zergling x2  
  47  5:33  Zergling x8  
  51  5:39  Zergling x2  
  51  5:44  Zergling x2  
  47  5:52  Zergling x4  
  47  5:56  Zergling x2  
  51  5:57  Zergling x4  
  51  5:58  Zergling x2  
  51  6:00  Hatchery  
  51  6:02  Zergling x2  
  42  6:06  Zergling x2  
  42  6:08  Zergling x4  
  45  6:12  Drone  
  45  6:17  Zergling x2  
  46  6:26  Queen  
  46  6:27  Zergling x12, Hatchery  
  46  6:31  Zergling x4  
  46  6:32  Zergling x8  
  59  6:39  Zergling x2  
  58  6:40  Zergling x4  
  58  6:41  Zergling x2  
  52  6:49  Zergling x2  
  52  6:52  Zergling x6  
  56  6:54  Zergling x2  
  56  6:55  Zergling x4  
  56  6:59  Zergling x2  
  57  7:01  Zergling x2  
Show
View Real Time Build Order
Export as new Build Order

StickLane Protoss - Winner!

Build Orders: 1 Gate Expand, Phoenix Opening, Colossus Rush 

Get SALT Encoding   

  12  0:01  Probe  
  13  0:13  Probe  
  14  0:19  Pylon  
  14  0:26  Probe  
  15  0:38  Probe (Chrono Boost)  
  15  0:42  Gateway  
  16  0:49  Assimilator  
  17  0:50  Probe (Chrono Boost)  
  17  0:56  Probe (Chrono Boost)  
  18  1:04  Probe  
  19  1:16  Probe  
  20  1:26  Nexus  
  20  1:40  Cybernetics Core  
  20  1:45  Pylon  
  20  1:46  Probe  
  21  1:54  Assimilator  
  21  1:58  Probe  
  22  2:10  Probe  
  23  2:18  Shield Battery  
  23  2:19  Stalker (Chrono Boost)  
  23  2:21  Warp Gate  
  26  2:22  Probe (Chrono Boost)  
  26  2:35  Probe (Chrono Boost)  
  27  2:41  Probe x2 (Chrono Boost), Sentry  
  31  2:49  Probe  
  31  2:50  Probe  
  33  2:56  Robotics Facility  
  33  2:59  Pylon  
  33  3:02  Probe (Chrono Boost)  
  33  3:04  Gateway  
  33  3:05  Probe (Chrono Boost)  
  35  3:14  Probe (Chrono Boost)  
  35  3:17  Stalker, Probe (Chrono Boost)  
  39  3:21  Probe (Chrono Boost)  
  39  3:22  Probe (Chrono Boost)  
  41  3:28  Phoenix, Probe  
  41  3:31  Pylon, Probe  
  43  3:39  Shield Battery  
  43  3:40  Probe  
  43  3:41  Pylon  
  44  3:43  Probe  
  44  3:44  Observer  
  44  3:48  Assimilator  
  46  3:51  Assimilator  
  46  3:52  Probe  
  47  3:56  Probe  
  48  4:02  Robotics Bay  
  48  4:04  Probe  
  48  4:09  Probe  
  50  4:17  Probe  
  51  4:21  Probe  
  51  4:24  Stalker x2  
  56  4:29  Probe  
  57  4:39  Probe  
  57  4:41  Probe  
  57  4:42  Gateway  
  59  4:47  Gateway  
  59  4:49  Forge, Stalker  
  59  4:51  Probe  
  62  4:53  Pylon, Probe  
  62  4:57  Pylon  
  63  5:00  Pylon  
  63  5:03  Pylon, Probe  
  63  5:05  Probe  
  65  5:13  Pylon  
  65  5:15  Probe  
  65  5:17  Probe, Nexus  
  65  5:18  Pylon  
  65  5:20  Colossus (Chrono Boost)  
  73  5:39  Stalker  
  73  5:40  Stalker x2  
  65  5:42  Probe  
  65  5:43  Probe  
  56  5:55  Probe x2  
  58  6:00  Shield Battery  
  58  6:07  Probe x2  
  60  6:16  Stalker x3  
  66  6:19  Probe  
  67  6:26  Probe  
  67  6:29  Colossus (Chrono Boost), Probe  
  67  6:31  Probe  
  76  6:38  Probe  
  77  6:41  Probe  
  78  7:04  Stalker x4  
Tags
 
Add a new tag
Caveats
  • Supply blocks, unpowered buildings, or Contaminate may cause inaccurate times.
  • Supply counts are checked every 10 seconds.